[Event "Titled Tuesday Blitz April 4 Late 2023"]
[White "Skaric, Djuro"]
[Black "Han, Yichen"]
[WhiteFideId "934569"]
[BlackFideId "1054430"]
[WhiteElo "2282"]
[BlackElo "2342"]
[Result "0-1"]
[Round "03"]
[TimeControl "180+2"]
[Date "2023.04.04"]
[WhiteClock "0:01:54"]
[BlackClock "0:01:49"]

1. g3 h5 2. Nf3 d5 3. d4 Nc6 4. c4 e6 5. Nc3 Nf6 6. Bg2 dxc4 7. O-O h4 8. e4 hxg3 9. hxg3 Bb4 10. d5 Bxc3 11. dxc6 Qxd1 12. Rxd1 Ba5 13. Ne5 b5 14. Bg5 Bb6 15. Bxf6 gxf6 16. Ng4 Ke7 17. a4 e5 18. axb5 Bxg4 19. Rdc1 Rad8 20. Rc2 Rd3 21. Re1 Rxg3 22. Kf1 Rb3 23. Rd2 Ba5 0-1


[Site "https://www.chess.com"]

[Event "Titled Tuesday Blitz April 4 Late 2023"]
[White "Suder, Jakub"]
[Black "Peatman, Carter"]
[WhiteFideId "1195310"]
[BlackFideId "2096480"]
[WhiteElo "2287"]
[BlackElo "2003"]
[Result "1-0"]
[Round "03"]
[TimeControl "180+2"]
[Date "2023.04.04"]
[WhiteClock "0:00:47"]
[BlackClock "0:00:33"]

1. d4 Nf6 2. c4 e6 3. Nc3 d5 4. cxd5 exd5 5. Bg5 c6 6. e3 Qb6 7. Qc2 Ne4 8. Bf4 Be6 9. Bd3 Nxc3 10. bxc3 Qa5 11. Ne2 Nd7 12. O-O Be7 13. Rab1 b6 14. Ng3 Nf6 15. Nf5 Bxf5 16. Bxf5 O-O 17. Be5 h6 18. f3 Rfd8 19. Kh1 Ne8 20. e4 Bd6 21. f4 f6 22. Bxd6 Nxd6 23. e5 Nxf5 24. Qxf5 fxe5 25. Qe6+ Kh8 26. dxe5 c5 27. f5 Qxc3 28. f6 Rg8 29. fxg7+ Rxg7 30. Qxh6+ Rh7 31. Rf8+ Rxf8 32. Qxf8# 1-0


[Site "https://www.chess.com"]

[Event "Titled Tuesday Blitz April 4 Late 2023"]
[White "Stachanczyk, Jacek"]
[Black "Andrej2004"]
[WhiteFideId "1116657"]
[WhiteElo "2084"]
[BlackElo "2553"]
[Result "0-1"]
[Round "03"]
[TimeControl "180+2"]
[Date "2023.04.04"]
[WhiteClock "0:00:17"]
[BlackClock "0:01:42"]

1. e4 e6 2. d4 d5 3. Nc3 dxe4 4. Nxe4 Bd7 5. Nf3 Bc6 6. Ned2 Nf6 7. Nc4 b6 8. Nce5 Bb7 9. Bb5+ c6 10. Bd3 Be7 11. O-O O-O 12. Qe2 Nbd7 13. Bg5 h6 14. Bh4 Nd5 15. Bg3 c5 16. Nxd7 Qxd7 17. dxc5 Bxc5 18. Ne5 Qe7 19. a3 Rac8 20. c4 Nf6 21. b4 Bd6 22. Rfd1 Bb8 23. Bh4 Qd6 24. Bxf6 gxf6 25. Ng4 Qf4 26. h3 f5 27. g3 Qf3 28. Qxf3 Bxf3 29. Nf6+ Kg7 30. Nd7 Rfd8 31. Nxb8 Bxd1 32. Rxd1 Rxb8 33. Kf1 Rd4 34. Ke2 Rbd8 35. Ke3 Kf6 36. f3 e5 0-1


[Site "https://www.chess.com"]

[Event "Titled Tuesday Blitz April 4 Late 2023"]
[White "Lopez Del Alamo, Antonio"]
[Black "Jimenez Almeida, Luis David"]
[WhiteFideId "2227339"]
[BlackFideId "22242244"]
[WhiteElo "2175"]
[BlackElo "2245"]
[Result "1-0"]
[Round "03"]
[TimeControl "180+2"]
[Date "2023.04.04"]
[WhiteClock "0:00:07"]
[BlackClock "0:00:03"]

1. e4 c6 2. d4 Na6 3. h3 g6 4. Nf3 Bg7 5. c3 Nc7 6. Bd3 d6 7. O-O Nf6 8. Re1 O-O 9. Nbd2 a5 10. a4 Re8 11. Qe2 e5 12. dxe5 dxe5 13. Nc4 Nh5 14. Nb6 Rb8 15. Nxc8 Qxc8 16. Bc4 Ne6 17. Bxe6 Qxe6 18. Be3 h6 19. Nd2 Nf4 20. Bxf4 exf4 21. f3 Bf8 22. Qc4 Qe5 23. Nb3 Rbd8 24. Rad1 Be7 25. Rd4 b5 26. Qxc6 b4 27. Red1 Rc8 28. Qd5 Qxd5 29. Rxd5 bxc3 30. bxc3 Rxc3 31. Nd4 Bc5 32. Kh1 Kg7 33. Nb5 Rc4 34. e5 Re6 35. Nd6 Rc2 36. Ne4 Bb4 37. Rd7 Rxe5 38. Rb7 Re7 39. Rxe7 Bxe7 40. Rd7 Bb4 41. Nd6 Rc1+ 42. Kh2 Rd1 43. Ne8+ Kf8 44. Rxd1 Kxe8 45. Rd5 Ke7 46. h4 Ke6 47. Rd3 Ke5 48. Kh3 h5 49. g3 fxg3 50. Kxg3 Be1+ 51. Kg2 Bxh4 52. Rb3 Be1 53. Re3+ Kd4 54. Rxe1 Kc4 55. Re4+ Kb3 56. Kg3 g5 57. f4 h4+ 58. Kg4 h3 59. Kxh3 f5 60. Rd4 g4+ 61. Kg3 Kc3 62. Rd5 Kb4 63. Rxf5 Kxa4 64. Kxg4 1-0


[Site "https://www.chess.com"]

[Event "Titled Tuesday Blitz April 4 Late 2023"]
[White "Poltorak, Sebastian"]
[Black "Li, Hui"]
[WhiteFideId "1199498"]
[BlackFideId "15400310"]
[WhiteElo "2195"]
[BlackElo "1967"]
[Result "1-0"]
[Round "03"]
[TimeControl "180+2"]
[Date "2023.04.04"]
[WhiteClock "0:00:08"]
[BlackClock "0:00:01"]

1. d4 d5 2. c4 e6 3. Nc3 Nf6 4. cxd5 exd5 5. Bg5 c6 6. e3 Be7 7. Bd3 Nbd7 8. Qc2 O-O 9. h3 Re8 10. Nf3 Nf8 11. O-O-O Be6 12. Ne5 N6d7 13. Bxe7 Qxe7 14. f4 f6 15. Nf3 Bf7 16. Rde1 Bg6 17. f5 Bf7 18. g4 b5 19. Rhg1 b4 20. Na4 c5 21. dxc5 Rac8 22. Kb1 Nxc5 23. Nxc5 Rxc5 24. Qd2 a5 25. g5 Kh8 26. h4 Bh5 27. Nd4 Rec8 28. Qg2 a4 29. gxf6 Qxf6 30. Ne6 Nxe6 31. fxe6 a3 32. Ref1 Qxb2+ 33. Qxb2 axb2 34. e7 Kg8 35. Kxb2 Re8 36. Rf8+ Rxf8 37. Bxh7+ Kf7 38. exf8=Q+ Kxf8 39. Rf1+ Ke7 40. Rg1 Rc3 41. Rxg7+ Kf6 42. Rg5 Bf7 43. e4 dxe4 44. Bxe4 Re3 45. Rf5+ Ke7 46. Rf4 Re2+ 47. Kc1 Bxa2 48. Bd3 Re3 49. Kd2 Re6 50. Rxb4 Rd6 51. Ra4 Be6 52. Ra7+ Bd7 53. Ke3 Kd8 54. Kf4 Rxd3 55. Ra8+ Kc7 56. h5 Rd4+ 57. Ke5 Rd6 58. Ra7+ Kc6 59. Ra6+ Kc7 60. Rxd6 Bc6 61. h6 Bb5 62. h7 1-0


[Site "https://www.chess.com"]

[Event "Titled Tuesday Blitz April 4 Late 2023"]
[White "Omelja, Artem"]
[Black "Weisz, Bryan"]
[WhiteFideId "14119846"]
[BlackFideId "30934133"]
[WhiteElo "2404"]
[BlackElo "2347"]
[Result "0-1"]
[Round "03"]
[TimeControl "180+2"]
[Date "2023.04.04"]
[WhiteClock "0:00:03"]
[BlackClock "0:00:22"]

1. e4 e6 2. d4 d5 3. exd5 exd5 4. Bd3 c5 5. c3 Bd6 6. Ne2 Nf6 7. O-O O-O 8. Ng3 cxd4 9. cxd4 Nc6 10. Nh5 Nxd4 11. Bg5 Be7 12. Re1 Ne6 13. Bxf6 Bxf6 14. Nc3 Nc5 15. Bb1 Be6 16. Qc2 g6 17. Nxf6+ Qxf6 18. b4 Ne4 19. Nxe4 dxe4 20. Qxe4 Qxa1 21. Bd3 Qxa2 22. Qh4 Qd5 23. Be4 Qe5 24. h3 f5 25. f4 Qd4+ 26. Kh2 fxe4 27. Qe7 Qf6 28. Qxb7 Qxf4+ 29. Kh1 Rab8 30. Qxa7 Rxb4 31. Qa6 Qf5 32. Qd6 Rb2 33. Qd4 Rf2 34. Rg1 Bd5 35. Kh2 e3 36. Qc5 Qf4+ 37. Kh1 Qe4 0-1


[Site "https://www.chess.com"]

[Event "Titled Tuesday Blitz April 4 Late 2023"]
[White "Ozalp, Burak"]
[Black "Mortazavi, Ali"]
[WhiteFideId "6314210"]
[BlackFideId "401323"]
[WhiteElo "2106"]
[BlackElo "2339"]
[Result "0-1"]
[Round "03"]
[TimeControl "180+2"]
[Date "2023.04.04"]
[WhiteClock "0:00:13"]
[BlackClock "0:00:55"]

1. d4 Nf6 2. c4 g6 3. Nc3 Bg7 4. e4 O-O 5. Be2 d6 6. h4 h5 7. Nh3 Bxh3 8. Rxh3 c5 9. d5 Na6 10. Bg5 Nc7 11. Qd2 e6 12. O-O-O exd5 13. exd5 Qd7 14. Rg3 Nh7 15. Bh6 Be5 16. Bxf8 Bxg3 17. fxg3 Rxf8 18. Ne4 Re8 19. Bd3 Re5 20. Qh6 Qe7 21. Qf4 b5 22. Rf1 bxc4 23. Nxd6 Re1+ 24. Kd2 Rxf1 25. Bxf1 Nxd5 26. Qxf7+ Qxf7 27. Nxf7 Kxf7 28. Bxc4 Nf6 29. Kd3 Ke6 0-1


[Site "https://www.chess.com"]

[Event "Titled Tuesday Blitz April 4 Late 2023"]
[White "koncheto"]
[Black "micke12a"]
[WhiteElo "2546"]
[BlackElo "2339"]
[Result "0-1"]
[Round "03"]
[TimeControl "180+2"]
[Date "2023.04.04"]
[WhiteClock "0:00:03"]
[BlackClock "0:00:03"]

1. e4 g6 2. h4 h5 3. Nf3 Bg7 4. d4 c5 5. c3 Nc6 6. d5 Nb8 7. e5 d6 8. Bf4 Bg4 9. exd6 exd6 10. Qb3 Qc7 11. Bxd6 Qxd6 12. Nbd2 b6 13. O-O-O Bh6 14. Kb1 Bxf3 15. Bb5+ Nd7 16. Rhe1+ Kf8 17. gxf3 Bxd2 18. Rxd2 Ngf6 19. Kc2 Kg7 20. Re6 fxe6 21. dxe6 Qe7 22. exd7 Rad8 23. Re2 Qd6 24. Re6 Qf4 25. Re7+ Kh6 26. Qf7 Rh7 27. Qe6 Rxe7 28. Qxe7 Qf5+ 29. Kc1 Rxd7 30. Bxd7 Nxd7 31. f4 Nf8 32. f3 Nh7 33. b3 Qf6 34. Qe3 Kg7 35. Kb2 Nf8 36. Qd3 Ne6 37. Qa6 Qxh4 38. Qxa7+ Kf6 39. Qxb6 Qxf4 40. a4 h4 41. a5 h3 42. a6 h2 43. a7 h1=Q 44. a8=Q Qg2+ 45. Kb1 Qf1+ 46. Ka2 Qe2+ 47. Ka3 Qexf3 48. Qxf3 Qxf3 49. Qc6 Qxc6 0-1


[Site "https://www.chess.com"]

[Event "Titled Tuesday Blitz April 4 Late 2023"]
[White "Mekhane, Adam"]
[Black "Romero Ruscalleda, Josep"]
[WhiteFideId "36050601"]
[BlackFideId "2231859"]
[WhiteElo "2177"]
[BlackElo "2183"]
[Result "0-1"]
[Round "03"]
[TimeControl "180+2"]
[Date "2023.04.04"]
[WhiteClock "0:00:01"]
[BlackClock "0:00:24"]

1. e4 g6 2. d4 Bg7 3. Nc3 d6 4. Nf3 a6 5. Be2 b5 6. O-O Bb7 7. a3 Nd7 8. Bg5 c5 9. Re1 cxd4 10. Nxd4 Ngf6 11. Bf1 O-O 12. Qd2 Rc8 13. Rad1 Rxc3 14. Qxc3 Nxe4 15. Qe3 Nxg5 16. Qxg5 Bf6 17. Qh6 Ne5 18. h3 Qb6 19. c3 Qc5 20. Nc2 Bg5 21. Qxf8+ Kxf8 22. Nd4 Nc6 23. Nc2 Bh4 24. Ne3 Ne5 25. Be2 f5 26. Rd4 Bf6 27. Rd2 f4 28. Ng4 Nxg4 29. hxg4 Bh4 30. Bf3 Bxf3 31. gxf3 Bf6 32. Kg2 h5 33. gxh5 Qg5+ 34. Kf1 gxh5 35. Ke2 h4 36. Rdd1 h3 37. Rh1 Qe5+ 38. Kd2 Qd5+ 39. Ke2 Qc4+ 40. Kd2 Qb3 41. Kc1 Qe6 42. Rh2 Qe2 43. Rdh1 Qxf3 44. Kb1 Qe4+ 45. Ka1 Be5 0-1


[Site "https://www.chess.com"]

[Event "Titled Tuesday Blitz April 4 Late 2023"]
[White "Schuster, Karsten"]
[Black "Kepeshchuk, Mykhaylo"]
[WhiteFideId "4611071"]
[BlackFideId "14113139"]
[WhiteElo "2294"]
[BlackElo "2279"]
[Result "1-0"]
[Round "03"]
[TimeControl "180+2"]
[Date "2023.04.04"]
[WhiteClock "0:00:35"]
[BlackClock "0:00:04"]

1. Nf3 Nf6 2. d4 c5 3. b3 g6 4. dxc5 Bg7 5. Bb2 Qa5+ 6. Qd2 Qxc5 7. e3 Ne4 8. Qc1 Qa5+ 9. Nbd2 Nxd2 10. Nxd2 Bc3 11. Bxc3 Qxc3 12. Bd3 O-O 13. O-O Nc6 14. Ne4 Qg7 15. c4 d6 16. Nc3 Be6 17. Be4 Rfc8 18. Qd2 a6 19. Nd5 Bxd5 20. Bxd5 Rab8 21. Rac1 Ne5 22. h3 Nd7 23. Rfd1 Qe5 24. Bf3 Nf6 25. Qd4 Qxd4 26. exd4 Rc7 27. Kf1 Rbc8 28. Rb1 b5 29. cxb5 axb5 30. Rb2 b4 31. Ke2 d5 32. Kd2 Rc3 33. Ra1 Ra8 34. a4 e6 35. Re1 Kf8 36. Re3 Rac8 37. g4 g5 38. a5 Ke7 39. a6 Kd6 40. Ra2 R3c6 41. Re1 Ra8 42. Rea1 Ra7 43. Ra4 Rb6 44. Ke3 Ne8 45. Be2 Nc7 46. f4 h6 47. Bd3 f6 48. f5 e5 49. dxe5+ Kxe5 50. Rc1 Ne8 51. Rc8 Nd6 52. Rc5 Ne8 53. Bc4 Nc7 54. Rxc7 Rxc7 55. a7 Rxa7 56. Rxa7 dxc4 57. bxc4 b3 58. Ra5+ Kd6 59. c5+ Kc6 60. cxb6 b2 61. Rb5 Kxb5 62. b7 1-0


[Site "https://www.chess.com"]

[Event "Titled Tuesday Blitz April 4 Late 2023"]
[White "Defend1r"]
[Black "McNeill, Gordon"]
[BlackFideId "30920760"]
[WhiteElo "2536"]
[BlackElo "2103"]
[Result "0-1"]
[Round "03"]
[TimeControl "180+2"]
[Date "2023.04.04"]
[WhiteClock "0:00:08"]
[BlackClock "0:00:10"]

1. e4 d6 2. d4 Nf6 3. Nc3 e5 4. Nf3 Nbd7 5. Bc4 Be7 6. O-O O-O 7. a4 c6 8. h3 Qe8 9. Ba2 Bd8 10. Re1 Ba5 11. Bd2 exd4 12. Nxd4 Nc5 13. f3 Bxc3 14. Bxc3 Nxa4 15. Bxf7+ Qxf7 16. Rxa4 Nh5 17. Qd2 Nf4 18. Ne2 Nxg2 19. Kxg2 Qxf3+ 20. Kg1 Qf2+ 21. Kh1 Qf3+ 22. Kg1 Bxh3 23. Qg5 Qf2+ 24. Kh1 Qf3+ 25. Kh2 Qf2+ 26. Kxh3 g6 27. Qg2 Qe3+ 28. Ng3 Qh6+ 29. Nh5 Qxh5+ 30. Kg3 Qg5+ 31. Kh2 Qh4+ 32. Kg1 Rf4 33. Qh2 Rg4+ 34. Kh1 Qg5 35. Bd2 Qf6 36. e5 Qf3+ 0-1


[Site "https://www.chess.com"]

[Event "Titled Tuesday Blitz April 4 Late 2023"]
[White "Smith, Garrett L"]
[Black "Ortega Amarelle, Mariano"]
[WhiteFideId "2024829"]
[BlackFideId "3504301"]
[WhiteElo "2325"]
[BlackElo "2406"]
[Result "0-1"]
[Round "03"]
[TimeControl "180+2"]
[Date "2023.04.04"]
[WhiteClock "0:00:31"]
[BlackClock "0:01:15"]

1. e4 e6 2. d4 d5 3. Nc3 Bb4 4. exd5 exd5 5. Bd3 Nc6 6. a3 Bd6 7. Nge2 Nge7 8. Nb5 Bf5 9. Nxd6+ Qxd6 10. Bf4 Qd7 11. Bb5 a6 12. Ba4 b5 13. Bb3 Na5 14. O-O O-O 15. Ng3 Bg6 16. Ba2 Nc4 17. Qc1 Rfe8 18. b3 Nd6 19. h4 h6 20. h5 Bh7 21. c4 dxc4 22. bxc4 Nxc4 23. Bxc4 bxc4 24. Qxc4 Nd5 25. Bd2 Qb5 26. Rfc1 Rab8 27. a4 Qxc4 28. Rxc4 Re6 29. Rc5 Rd8 30. a5 Bd3 31. Rac1 f6 32. f3 Kf7 33. Kf2 Rd7 34. Rc6 Rxc6 35. Rxc6 Bb5 36. Rc5 Ne7 37. Bc3 Nc6 38. Ke3 Ne7 39. Ne4 Nd5+ 40. Kd2 Nf4 41. g3 Ne6 42. Rxb5 axb5 43. Ke3 c6 44. f4 Nc7 45. Nc5 Nd5+ 46. Kd3 Ra7 47. a6 Nc7 48. Ba5 Nxa6 0-1


[Site "https://www.chess.com"]

[Event "Titled Tuesday Blitz April 4 Late 2023"]
[White "Kim, Sergey"]
[Black "Arun, Siddharth"]
[WhiteFideId "13700570"]
[BlackFideId "2079178"]
[WhiteElo "2535"]
[BlackElo "2317"]
[Result "0-1"]
[Round "03"]
[TimeControl "180+2"]
[Date "2023.04.04"]
[WhiteClock "0:01:19"]
[BlackClock "0:01:19"]

1. d4 d5 2. c4 e6 3. Nc3 c6 4. e3 f5 5. f4 Nf6 6. Nf3 Bd6 7. Bd3 O-O 8. O-O Nbd7 9. Bd2 a5 10. Be1 Qe8 11. Ne5 Bxe5 12. fxe5 Ne4 13. Rc1 g5 14. Nxe4 fxe4 15. Be2 Rxf1+ 16. Bxf1 Qg6 17. Be2 Nf8 18. Bh5 Qg7 19. Qg4 Bd7 20. h4 h6 21. hxg5 Qxg5 22. Qxg5+ hxg5 23. b3 b6 24. Kf2 Kg7 25. Kg3 Ng6 26. Kg4 Rf8 27. Bg3 Rf5 28. a4 Ne7 29. c5 b5 30. Kh3 b4 31. Be2 Rf8 32. Kg4 Kg6 33. Rh1 Ng8 34. Be1 Nh6+ 35. Kh3 Nf5 36. Bd2 Rh8+ 0-1


[Site "https://www.chess.com"]

[Event "Titled Tuesday Blitz April 4 Late 2023"]
[White "Bruedigam, Martin"]
[Black "olga-belka"]
[WhiteFideId "24608033"]
[WhiteElo "2331"]
[BlackElo "2299"]
[Result "1-0"]
[Round "03"]
[TimeControl "180+2"]
[Date "2023.04.04"]
[WhiteClock "0:00:08"]
[BlackClock "0:00:01"]

1. d4 Nf6 2. c4 g6 3. f3 d5 4. cxd5 Nxd5 5. e4 Nb6 6. Nc3 Bg7 7. Be3 O-O 8. Qd2 c5 9. dxc5 Qxd2+ 10. Kxd2 N6d7 11. Nh3 Nc6 12. Nf4 e6 13. Bb5 Nd4 14. Nd3 Rd8 15. Bxd7 Bxd7 16. Rad1 Rac8 17. Kc1 b6 18. e5 bxc5 19. f4 Bb5 20. Nxc5 Rxc5 21. Rxd4 Rxd4 22. Bxd4 Rc4 23. Rd1 Bf8 24. g3 a5 25. h4 a4 26. Kc2 Bb4 27. a3 Ba5 28. Be3 Bc6 29. Rd6 Kg7 30. Bd2 Be4+ 31. Kd1 Bf3+ 32. Ke1 Bc7 33. Rd3 Bg4 34. Be3 Ba5 35. Kd2 Bf5 36. Rd7 Bxc3+ 37. bxc3 Rc6 38. Rb7 Rc8 39. Bd4 Rd8 40. Rb4 1-0


[Site "https://www.chess.com"]

[Event "Titled Tuesday Blitz April 4 Late 2023"]
[White "Wang, Alexander J"]
[Black "Richter, Paul"]
[WhiteFideId "30955270"]
[BlackFideId "2046350"]
[WhiteElo "2293"]
[BlackElo "2531"]
[Result "1-0"]
[Round "03"]
[TimeControl "180+2"]
[Date "2023.04.04"]
[WhiteClock "0:00:07"]
[BlackClock "0:00:09"]

1. e4 c5 2. Nf3 d6 3. d4 cxd4 4. Nxd4 Nf6 5. Nc3 g6 6. g3 Nc6 7. Bg2 Nxd4 8. Qxd4 Bg7 9. O-O O-O 10. Qd1 Rb8 11. Be3 a6 12. a4 b5 13. axb5 axb5 14. h3 b4 15. Ne2 Bb7 16. f3 Qc7 17. c3 bxc3 18. bxc3 Rfc8 19. Qd2 Ra8 20. Rfb1 Ba6 21. Rc1 Bxe2 22. Rxa8 Rxa8 23. Qxe2 Nd7 24. Kh2 h5 25. f4 Ra4 26. c4 Qa5 27. Rc2 Ra1 28. Qd3 Nc5 29. Qd5 Qa3 30. Bxc5 dxc5 31. e5 h4 32. Qf3 hxg3+ 33. Qxg3 Qb4 34. Qd3 Qe1 35. Re2 Qg1+ 36. Kg3 e6 37. Qe3 Qb1 38. Qxc5 Bh6 39. Be4 Qb3+ 40. Qe3 Qd1 41. Rg2 Qa4 42. Kh2 Qd1 43. Bxg6 fxg6 44. Rxg6+ Kh7 45. Qe4 Bxf4+ 46. Rg3+ Kh8 47. Qxf4 Ra2+ 48. Rg2 Rxg2+ 49. Kxg2 Qe2+ 50. Kg3 Qxc4 51. Qxc4 1-0


[Site "https://www.chess.com"]

[Event "Titled Tuesday Blitz April 4 Late 2023"]
[White "lluiss"]
[Black "Kokoszczynski, Jan"]
[BlackFideId "1174460"]
[WhiteElo "2263"]
[BlackElo "2139"]
[Result "0-1"]
[Round "03"]
[TimeControl "180+2"]
[Date "2023.04.04"]
[WhiteClock "0:00:01"]
[BlackClock "0:01:56"]

1. c4 e5 2. Nc3 Nf6 3. Nf3 Nc6 4. d3 Bb4 5. Bd2 O-O 6. e4 d6 7. g3 a6 8. Bg2 Bc5 9. h3 Nd4 10. O-O Rb8 11. Rb1 b5 12. cxb5 axb5 13. b4 Bb6 14. Kh2 c6 15. a4 Nxf3+ 16. Qxf3 bxa4 17. Nxa4 Bd4 18. Bg5 h6 19. Bxf6 Qxf6 20. Qxf6 gxf6 21. Rfc1 Bd7 22. Nc3 Kg7 23. Kg1 Rb7 24. Ne2 Ba7 25. Rc2 Rfb8 26. Ra1 Bb6 27. Bf1 Bd8 28. Nc3 Rxb4 29. Ra7 R4b7 30. Rxb7 Rxb7 0-1


[Site "https://www.chess.com"]

[Event "Titled Tuesday Blitz April 4 Late 2023"]
[White "feuervogel1000000"]
[Black "Grycel, Kamil"]
[BlackFideId "1115499"]
[WhiteElo "2256"]
[BlackElo "2522"]
[Result "1-0"]
[Round "03"]
[TimeControl "180+2"]
[Date "2023.04.04"]
[WhiteClock "0:00:08"]
[BlackClock "0:00:05"]

1. e4 d6 2. d4 Nf6 3. Nc3 c6 4. f4 Qb6 5. Nf3 Bg4 6. e5 Nd5 7. Nxd5 cxd5 8. c3 e6 9. Be2 Nc6 10. h3 Bf5 11. O-O Be7 12. Kh1 O-O 13. Bd3 g6 14. g4 Be4 15. Qe2 Bxd3 16. Qxd3 f5 17. exd6 Bxd6 18. Qe2 Rae8 19. Ne5 Nxe5 20. fxe5 Be7 21. gxf5 exf5 22. Qg2 Qe6 23. Bf4 Kh8 24. c4 Rd8 25. c5 g5 26. Bh2 Rg8 27. b4 g4 28. hxg4 Rxg4 29. Qf3 Rf8 30. Rad1 Re4 31. Rd2 f4 32. b5 Rg8 33. a4 Qh6 34. Rg2 Rg6 35. Rfg1 Bg5 36. Qg4 Bd8 37. Qc8 Qf8 38. Rxg6 hxg6 39. Qh3+ Kg7 40. Qd7+ Kh8 41. Qxd5 Re2 42. Qf3 Re3 43. Qxf4 Qxf4 44. Bxf4 Re4 45. Bg5 Bc7 46. Bf6+ Kh7 47. d5 Rd4 48. d6 Ba5 49. c6 bxc6 50. bxc6 Rc4 51. c7 g5 52. Rxg5 Rh4+ 53. Kg2 Re4 54. Rg7+ Kh6 55. c8=Q Re2+ 56. Kf3 Re3+ 57. Kxe3 Bd2+ 58. Ke4 Bg5 59. Qh3+ Bh4 60. Qxh4# 1-0


[Site "https://www.chess.com"]

[Event "Titled Tuesday Blitz April 4 Late 2023"]
[White "Vovk, Orest"]
[Black "Andreassen, Lars"]
[WhiteFideId "14113490"]
[BlackFideId "1504878"]
[WhiteElo "2215"]
[BlackElo "2119"]
[Result "1-0"]
[Round "03"]
[TimeControl "180+2"]
[Date "2023.04.04"]
[WhiteClock "0:00:04"]
[BlackClock "0:00:01"]

1. h4 d5 2. h5 e5 3. h6 Nxh6 4. d4 Nc6 5. dxe5 Nxe5 6. Bxh6 gxh6 7. Nf3 Nxf3+ 8. gxf3 Bg7 9. Nc3 c6 10. Qd3 Qf6 11. O-O-O Be6 12. Bh3 O-O-O 13. Bxe6+ fxe6 14. Rdg1 Rd7 15. Nd1 c5 16. Qa3 Kb8 17. Qxc5 Rc7 18. Qd6 Rc8 19. c3 Ka8 20. Rg4 d4 21. c4 Rxc4+ 22. Kd2 Rc2+ 23. Ke1 Bf8 24. Qxd4 e5 25. Qd3 Qc6 26. Kf1 Rc1 27. Kg2 Bc5 28. Rh5 Bd6 29. Rxh6 Rd8 30. Rg7 1-0


[Site "https://www.chess.com"]

[Event "Titled Tuesday Blitz April 4 Late 2023"]
[White "Chabris, Christopher"]
[Black "Petrovic, Aleksa"]
[WhiteFideId "2005263"]
[BlackFideId "967629"]
[WhiteElo "2233"]
[BlackElo "2309"]
[Result "0-1"]
[Round "03"]
[TimeControl "180+2"]
[Date "2023.04.04"]
[WhiteClock "0:00:15"]
[BlackClock "0:00:26"]

1. e4 e6 2. d4 d5 3. Nc3 Bb4 4. e5 c5 5. a3 Bxc3+ 6. bxc3 Qa5 7. Bd2 Qa4 8. h4 Nc6 9. h5 h6 10. Nf3 b6 11. Rh4 c4 12. Rg4 Kf8 13. Rf4 Nge7 14. g4 g5 15. Rf6 Ng8 16. Nh2 Nxf6 17. exf6 e5 18. dxe5 Nxe5 19. f4 Nd7 20. fxg5 Qc6 21. Qf3 Ne5 22. Qf4 Qe6 23. O-O-O hxg5 24. Qxg5 Rg8 25. Qh6+ Ke8 26. Re1 Kd7 27. Bf4 Nd3+ 28. cxd3 Qxe1+ 29. Kc2 Ba6 30. d4 Rae8 31. Nf3 Qxf1 32. Ne5+ Rxe5 33. Bxe5 Rxg4 34. Qf8 Rg2# 0-1


[Site "https://www.chess.com"]

[Event "Titled Tuesday Blitz April 4 Late 2023"]
[White "Loiacono, Antonio"]
[Black "Djordjevic, Dejan N"]
[WhiteFideId "895415"]
[BlackFideId "913316"]
[WhiteElo "2257"]
[BlackElo "2261"]
[Result "1-0"]
[Round "03"]
[TimeControl "180+2"]
[Date "2023.04.04"]
[WhiteClock "0:00:07"]
[BlackClock "0:00:17"]

1. e4 c5 2. Nf3 Nc6 3. d4 cxd4 4. Nxd4 Nf6 5. Nc3 Qb6 6. Nb3 e6 7. Be3 Qc7 8. Be2 a6 9. f4 d6 10. a4 b6 11. O-O Be7 12. Bf3 Rb8 13. Qe2 O-O 14. g4 Nd7 15. Rad1 Rd8 16. Qf2 b5 17. axb5 axb5 18. Qg2 b4 19. Ne2 e5 20. f5 Nb6 21. Kh1 Nc4 22. Bc1 Qb6 23. g5 Ne3 24. Bxe3 Qxe3 25. f6 Bf8 26. fxg7 Bxg7 27. Rd3 Qb6 28. Bh5 Be6 29. Rdf3 Rd7 30. Ng3 Nd4 31. Nxd4 Qxd4 32. c3 bxc3 33. bxc3 Qc4 34. Qf2 Rbb7 35. Qe3 Qa2 36. Nf5 Rb1 37. Qd3 Rxf1+ 38. Rxf1 Bc4 39. Qf3 Bxf1 40. Qxf1 Qc2 41. Qf3 Ra7 42. Ne3 Ra1+ 43. Nf1 Qc1 44. Qxf7+ Kh8 45. Qe8+ Bf8 46. Qxf8# 1-0


[Site "https://www.chess.com"]

[Event "Titled Tuesday Blitz April 4 Late 2023"]
[White "Mei, Austin"]
[Black "Kornyukov, Alexey"]
[WhiteFideId "30948479"]
[BlackFideId "4150457"]
[WhiteElo "2125"]
[BlackElo "2352"]
[Result "1-0"]
[Round "03"]
[TimeControl "180+2"]
[Date "2023.04.04"]
[WhiteClock "0:00:57"]
[BlackClock "0:00:01"]

1. e4 c5 2. Nc3 Nc6 3. f4 g6 4. Nf3 Bg7 5. a4 e6 6. e5 Nge7 7. Ne4 O-O 8. Bb5 b6 9. O-O Nf5 10. Bxc6 dxc6 11. d3 a5 12. g4 Nd4 13. Be3 f6 14. exf6 Bxf6 15. Nxf6+ Qxf6 16. c3 Nxf3+ 17. Qxf3 e5 18. Qg3 exf4 19. Rxf4 Qe6 20. Rxf8+ Kxf8 21. Bh6+ Kg8 22. Re1 Qd7 23. h3 Ba6 24. Qe5 Bxd3 25. Qf6 Qf7 26. Qxc6 1-0


[Site "https://www.chess.com"]

[Event "Titled Tuesday Blitz April 4 Late 2023"]
[White "lolliNOPE"]
[Black "Goffredo_Fofi"]
[WhiteElo "2137"]
[BlackElo "2511"]
[Result "0-1"]
[Round "03"]
[TimeControl "180+2"]
[Date "2023.04.04"]
[WhiteClock "0:00:02"]
[BlackClock "0:00:12"]

1. e4 c6 2. d4 d5 3. Nc3 dxe4 4. Nxe4 Bf5 5. Ng3 Bg6 6. h4 h6 7. Nf3 Nd7 8. h5 Bh7 9. Bd3 Bxd3 10. Qxd3 e6 11. Bf4 Qa5+ 12. Bd2 Bb4 13. c3 Be7 14. c4 Qc7 15. O-O-O Ngf6 16. Kb1 b5 17. Ne4 Nxe4 18. Qxe4 bxc4 19. Rc1 Nf6 20. Qe2 O-O 21. Qxc4 Rfc8 22. Ne5 Nd5 23. g4 c5 24. f4 cxd4 25. Qxc7 Rxc7 26. Rxc7 Nxc7 27. Rc1 Nd5 28. Rc4 Rb8 29. Rxd4 Bc5 30. Rc4 Bd6 31. a3 Rb7 32. Kc2 Bc7 33. b4 Nf6 34. a4 Nd5 35. b5 f6 36. Ng6 Kf7 37. Re4 Bd6 38. Rc4 Nb6 39. Rd4 Bc5 40. Re4 Rd7 41. Bc3 Nd5 42. a5 Rc7 43. Kb3 Bd6 44. Bd2 Rb7 45. Ka4 Rc7 46. Be3 Nxe3 47. Rxe3 Bxf4 48. Re4 Bd6 49. b6 axb6 50. axb6 Rc8 51. Kb5 e5 52. Ra4 Ke6 53. Ra7 e4 54. Rxg7 e3 55. b7 Rb8 56. Kc6 e2 57. Re7+ Bxe7 58. Nf4+ Ke5 59. Nxe2 f5 60. gxf5 Kxf5 61. Nd4+ Kg5 62. Kc7 Bd6+ 0-1


[Site "https://www.chess.com"]

[Event "Titled Tuesday Blitz April 4 Late 2023"]
[White "Roebers, Eline"]
[Black "Tarnowska, Aleksandra"]
[WhiteFideId "1058401"]
[BlackFideId "1180967"]
[WhiteElo "2510"]
[BlackElo "1776"]
[Result "1-0"]
[Round "03"]
[TimeControl "180+2"]
[Date "2023.04.04"]
[WhiteClock "0:01:42"]
[BlackClock "0:00:02"]

1. e4 c5 2. Nf3 e6 3. d4 cxd4 4. Nxd4 a6 5. Bd3 Nc6 6. Nxc6 dxc6 7. O-O e5 8. Nd2 Nf6 9. Nc4 Qc7 10. a4 Bg4 11. f3 Be6 12. Be3 Bxc4 13. Bxc4 Rd8 14. Qe2 b5 15. axb5 cxb5 16. Bd3 Qb7 17. Rfd1 Bd6 18. Rxa6 O-O 19. Ra7 Qb8 20. Bxb5 Bc5 21. Bxc5 Rxd1+ 22. Qxd1 Qxb5 23. b4 Rc8 24. Qd6 h6 25. Qxe5 Qe2 26. h3 Qe1+ 27. Kh2 Re8 28. Qc7 Nh5 29. Qxf7+ Kh7 30. Qxh5 1-0


[Site "https://www.chess.com"]

[Event "Titled Tuesday Blitz April 4 Late 2023"]
[White "Koutlas, Nikolaos"]
[Black "Steenbekkers, Franck"]
[WhiteFideId "25827138"]
[BlackFideId "1004220"]
[WhiteElo "2215"]
[BlackElo "1952"]
[Result "1-0"]
[Round "03"]
[TimeControl "180+2"]
[Date "2023.04.04"]
[WhiteClock "0:01:01"]
[BlackClock "0:01:11"]

1. b3 Nf6 2. Bb2 g6 3. g3 Bg7 4. Bg2 O-O 5. Nf3 d6 6. O-O e5 7. c4 Nc6 8. Nc3 h6 9. d3 Be6 10. h3 Qd7 11. Kh2 Nh5 12. Nd5 f5 13. d4 e4 14. Nh4 Kh7 15. e3 Bxd5 16. cxd5 Ne7 17. f3 Nf6 18. fxe4 fxe4 19. Rxf6 Bxf6 20. Qe2 Bxh4 21. gxh4 Qf5 22. h5 Qxh5 23. Qxh5 gxh5 24. Bxe4+ Kh8 25. Kg3 Rf6 26. Rc1 Rg8+ 27. Kh4 c6 28. dxc6 bxc6 29. d5 Rf8 30. dxc6 d5 31. Bd3 Kg8 32. Bxf6 Rxf6 33. c7 Rf8 34. Ba6 Kf7 35. c8=Q Nxc8 36. Rf1+ Ke7 37. Rxf8 1-0


[Site "https://www.chess.com"]